 Dungeon Crawl Stone Soup version 0.20.1-1-g8b1a95d (webtiles) character file.

121 Thjof the Cudgeler (level 5, -2/32 HPs)
             Began as a Gargoyle Monk on Nov 4, 2017.
             Was a Believer of Fedhas.
             Slain by a worm (3 damage)
             ... on level 3 of the Dungeon.
             The game lasted 00:32:39 (2086 turns).

Thjof the Cudgeler (Gargoyle Monk)                  Turns: 2086, Time: 00:32:39

Health: -2/32      AC:  0    Str: 15    XL:     5   Next: 5%
Magic:  5/5        EV: 20    Int: 10    God:    Fedhas [**....]
Gold:   66         SH:  0    Dex: 18    Spells: 4/4 levels left

rFire    . . .     SeeInvis .   (weapon currently unavailable)
rCold    . . .     Gourm    .   (shield currently unavailable)
rNeg     + . .     Faith    .   (armour currently unavailable)
rPois    ∞         Spirit   .   (helmet currently unavailable)
rElec    .         Reflect  .   (cloak currently unavailable)
rCorr    .         Harm     .   (gloves currently unavailable)
MR       .....                  (boots currently unavailable)
Stlth    ++........             (no amulet)
Regen    0.1/turn               (ring currently unavailable)
MPRegen  0.1/turn               (ring currently unavailable)

@: bat-form, flying, very quick
A: negative energy resistance 1, petrification resistance, rot immunity, AC +4
a: Fungal Bloom, Evolution, Sunlight, Renounce Religion


You were on level 3 of the Dungeon.
You worshipped Fedhas.
Fedhas was pleased with you.
You were not hungry.
You were in bat-form.
You visited 1 branch of the dungeon, and saw 3 of its levels.

You collected 66 gold pieces.

Inventory:

Hand Weapons
 a - a +0 mace (melded)
 b - a +0 hunting sling
Missiles
 g - 51 stones (quivered)
 k - 32 bolts
 m - 68 arrows
 n - 12 poisoned needles
 C - 2 sling bullets
Armour
 i - a +0 cloak (melded)
 o - a +0 scale mail (melded)
Magical Staves
 x - an uncursed staff of death
Jewellery
 e - an uncursed ring of positive energy {unknown}
 j - an uncursed amulet of harm {unknown}
Wands
 d - a wand of polymorph (5/24)
Scrolls
 f - 2 scrolls of immolation
 l - a scroll of fog {unknown}
 p - 2 scrolls of recharging {unknown}
 s - a scroll of remove curse
 D - 2 scrolls of teleportation {unknown}
 J - a scroll of identify
 K - a scroll of enchant armour {unknown}
Potions
 h - a potion of curing {unknown}
 q - a potion of berserk rage {unknown}
 F - a potion of heal wounds {unknown}
 I - a potion of haste {unknown}
Comestibles
 c - 2 bread rations
 r - 4 chunks of flesh
 v - a fruit
 w - a royal jelly


   Skills:
 + Level 3.6 Fighting
 + Level 3.9 Maces & Flails
 + Level 1.7 Slings
 + Level 1.2 Armour
 + Level 2.7 Dodging
 + Level 2.8 Stealth
 + Level 0.3 Evocations


You had 4 spell levels left.
You didn't know any spells.

Dungeon Overview and Level Annotations

Branches:
Dungeon (3/15)

Altars:
Fedhas


Innate Abilities, Weirdness & Mutations

You are resistant to torment.
((Your stone body is resilient. (AC +4)))
You are immune to poison.
You resist negative energy. (rN+)
((You are resistant to electric shocks. (rElec)))
((You can survive without breathing.))
You are immune to petrification.
You are immune to rotting.


Message History

Your Armour skill increases to level 1!
You have reached level 5!
The worm bites you.
* * * LOW HITPOINT WARNING * * *
Evoke which item? (* to show all) (? for menu, Esc to quit)
Aiming: Polymorph
Press: ? - help, Shift-Dir - straight line, f - you That beam is likely to hit you.
Continue anyway?
You turn into a bat.
Your +0 mace melds into your body.
Your +0 cloak melds into your body.
Your +0 scale mail melds into your body.
This wand has 5 charges left.
The worm bites you.
* * * LOW HITPOINT WARNING * * *
You see here a hound corpse.
You butcher the hound corpse.
You see here 2 chunks of flesh.
r - 4 chunks of flesh (gained 2)
The worm bites you.
You die...
Fedhas appreciates your contribution to the ecosystem.

.##............##....#...(.....
.....#.........##..............
........#.....###..........)...
........#......................
...............................
...............................
................#..............
......... ##...w..............
......... #...b.............
...#............g............
...#............#...........
........................#..
...####.................#
.....##..<..............#
......# ................
......# ................
......#


You could see a worm and a hobgoblin.

Vanquished Creatures
  A hound (D:3)
  A worker ant (D:3)
  An adder (D:3)
  A dart slug (D:1)
  A leopard gecko (D:1)
  2 orcs (D:3)
  5 giant cockroaches
  3 goblins
  13 hobgoblins
  A jackal (D:2)
  3 ball pythons
  4 bats
  A frilled lizard (D:1)
  4 kobolds
  8 rats
49 creatures vanquished.

Notes
Turn   | Place    | Note
-------+----------+-------------------------------------------
     0 | D:1      | Thjof the Gargoyle Monk began the quest for the Orb.
     0 | D:1      | Reached XP level 1. HP: 14/14 MP: 1/1
   105 | D:1      | Reached XP level 2. HP: 19/19 MP: 2/2
   491 | D:1      | Reached XP level 3. HP: 18/23 MP: 3/3
  1561 | D:3      | Noticed a centaur
  1614 | D:3      | Reached skill level 1 in Slings
  1614 | D:3      | Reached XP level 4. HP: 18/28 MP: 4/4
  1710 | D:3      | Found a blossoming altar of Fedhas.
  1724 | D:3      | Became a worshipper of Fedhas Madash
  1724 | D:3      | Reached * piety under Fedhas
  1724 | D:3      | Reached ** piety under Fedhas
  1749 | D:3      | Noticed Jessica
  1754 | D:3      | Noticed Jessica
  1754 | D:3      | Jessica changed into Jessica the hobgoblin
  1763 | D:3      | Killed Jessica the hobgoblin
  1839 | D:3      | Noticed a wolf
  1839 | D:3      | an orc priest changed into a wolf
  1858 | D:3      | Noticed a sky beast
  1858 | D:3      | a wolf changed into a sky beast
  1859 | D:3      | Noticed a centaur
  2082 | D:3      | Reached skill level 1 in Armour
  2082 | D:3      | Reached XP level 5. HP: 9/32 MP: 5/5
  2083 | D:3      | HP: 1/32 [worm (3)]
  2086 | D:3      | Slain by a worm

Skill      XL: |  1  2  3  4 |
---------------+-------------+-----
Slings         | 1 |  1.7
Armour         | 1 |  1.2
Fighting       | |  3.6
Maces & Flails | |  3.9
Dodging        | |  2.7
Stealth        | |  2.8
Evocations     | |  0.3

Action                   |  1- 3 |  4- 6 || total
-------------------------+-------+-------++-------
Melee: Mace              |    90 |    38 ||   128
       Unarmed           |       |     2 ||     2
 Fire: Hunting sling     |    42 |    16 ||    58
Throw: Stone             |    16 |       ||    16
Invok: Sunlight          |       |     1 ||     1
Evoke: Wand              |       |     7 ||     7
  Use: Scroll            |       |     4 ||     4
 Stab: Sleeping          |     4 |       ||     4
  Eat: Chunk             |     2 |     2 ||     4
Armor: Robe              |     6 |       ||     6
       Scale mail        |    37 |    32 ||    69
Dodge: Dodged            |    41 |    47 ||    88
